 Dungeon Crawl Stone Soup version 0.29.0-11-gd7f09526c8 (webtiles) character file.

Game seed: 1781668743865862871

595 xSliceyx the Magician (level 7, -3/45 HPs)
             Began as a Djinni Hedge Wizard on Sept 3, 2022.
             Slain by Pikel
             ... wielding a +1 whip of electrocution
              (5 damage)
             ... on level 5 of the Dungeon.
             The game lasted 00:18:29 (6536 turns).

xSliceyx the Magician (Djinni Hedge Wizard)         Turns: 6536, Time: 00:18:30

Health: -3/45      AC:  2    Str: 15    XL:     7   Next: 67%
Gold:   216        EV: 12    Int: 18    God:
                   SH:  0    Dex: 10

rFire   + + .      SeeInvis .   q - +1 dagger (drain)
rCold   x . .      Faith    .   (no shield)
rNeg    . . .      Spirit   .   b - +0 robe
rPois   ∞          Reflect  .   c - +0 hat
rElec   .          Harm     .   (no cloak)
rCorr   .          Rampage  .   (no gloves)
Will    .....                   (boots unavailable)
Stlth   ++........              l - amulet of the acrobat
HPRegen 0.15/turn               d - +6 ring of strength
MPRegen 0.00/turn               (no ring)

@: flying
A: sickness immunity, fire resistance 2, cold vulnerability 1, float, innate
caster, HP casting, extra vitality 1, clumsy 1
a: no special abilities


You were on level 5 of the Dungeon.
You visited 1 branch of the dungeon, and saw 5 of its levels.

You collected 238 gold pieces.
You spent 22 gold pieces at shops.

Inventory:

Hand Weapons
 q - a +1 dagger of draining (weapon)
Missiles
 s - 4 poisoned darts
Armour
 b - a +0 robe (worn)
 c - a +0 hat (worn)
Jewellery
 d - a +6 ring of strength (left hand)
 l - an amulet of the acrobat (around neck)
Wands
 u - a wand of charming (9)
Scrolls
 e - a scroll of fear {unknown}
 f - 3 scrolls of teleportation {unknown}
 g - a scroll of immolation {unknown}
 h - a scroll of enchant armour {unknown}
 k - a scroll of enchant weapon {unknown}
 p - 2 scrolls of fog {unknown}
 v - a scroll of silence {unknown}
Potions
 a - a potion of flight {unknown}
 i - a potion of attraction
 j - 2 potions of lignification
 m - a potion of ambrosia {unknown}
 n - a potion of might {unknown}
 o - 2 potions of haste {unknown}
 r - a potion of heal wounds {unknown}
 t - a potion of degeneration {unknown}


   Skills:
 - Level 2.1 Dodging
 - Level 1.5 Stealth
 + Level 6.4 Spellcasting


You couldn't memorise any spells.
You knew the following spells:

 Your Spells              Type           Power      Damage    Failure   Level
a - Magic Dart            Conj           100%       1d8       1%          1
b - Blink                 Tloc           56%        N/A       1%          2
c - Call Imp              Summ           28%        N/A       1%          2
d - Slow                  Hex            100%       N/A       1%          1
e - Conjure Flame         Conj/Fire      28%        6-21      2%          3
f - Mephitic Cloud        Conj/Pois/Air  28%        N/A       2%          3
g - Shock                 Conj/Air       100%       1d9       1%          1
h - Poisonous Vapours     Pois/Air       56%        N/A       1%          2
i - Vampiric Draining     Necr           28%        2d8       2%          3
Your spell library was empty.

Dungeon Overview and Level Annotations

Branches:
Dungeon (5/15)
 Temple: D:4-7

Altars:
Hepliaklqana
Wu Jian

Shops:
D:4 *

Annotations:
D:5 Pikel


Innate Abilities, Weirdness & Mutations

You are immune to sickness and miasma.
You are immune to poison.
Your flesh is very heat resistant. (rF++)
You are vulnerable to cold. (rC-)
You float through the air rather than walking.
You learn spells naturally, not from books.
Your magical power is your life essence.
You have superior vitality. (+4 MHP)
You are clumsy. (Dex -2)


Message History

Pikel barely misses your white imp.
Your white imp hits Pikel but does no damage.
Pikel closely misses your white imp.
Your white imp hits Pikel but does no damage.
Pikel hits your white imp with a +1 whip of electrocution!
Your white imp dies!
Your white imp disappears in a puff of smoke!
Casting: Call Imp (safe; 1% risk of failure)
Confirm with . or Enter, or press ? or * to list all spells.
Aiming: Poisonous Vapours (safe; 1% risk of failure)
Press: ? - help, Dir - move target, f/p - Pikel
Aim: Pikel, wielding a +1 whip of electrocution and wearing a +1 robe of resistance (lightly wounded, very poisoned) Poisonous vapours surround Pikel!
Pikel looks as sick as possible!
A lemure comes into view.
The zap hits Pikel.
Pikel is moderately wounded.
The zap hits the lemure.
The lemure is lightly wounded.
The lemure shouts!
The zap hits Pikel.
Pikel is heavily wounded.
The zap misses the lemure.
Pikel says, "You'll make a fine lemure."
The zap hits Pikel.
Pikel is severely wounded.
The zap hits the lemure.
The lemure is moderately wounded.
The zap misses Pikel.
The zap hits the lemure!
The lemure is heavily wounded.
The zap hits Pikel.
Pikel is almost dead.
The zap hits the lemure!
The lemure is almost dead.
Pikel hits you with a +1 whip of electrocution!
* * * LOW HITPOINT WARNING * * *
You are electrocuted!
* * * LOW HITPOINT WARNING * * *
Pikel attacks as you move away!
Pikel hits you with a +1 whip of electrocution.
You die...

######### #..)....#
# #.#####.# ## ...
#.# ##. ... #.###
###### #.#
.5.#.###...####....#
##.
...#..........5K@..#
##
##...........##....#
#
#.######...#####.##
### ##.## #.# #..
#.# ###.### #.# #.#
#.....# #.# #+#
#.....# #.# #.....#
#.# #.....## #.#


You could see Pikel (very poisoned) and a lemure.

Vanquished Creatures
  Menkaure (D:4)
  2 ogres
  3 lemures (D:5)
  A scorpion (D:4)
  A gnoll bouda (D:5)
  4 gnolls (D:5)
  6 adders
  8 worms
  2 dart slugs
  4 orcs (D:3)
  9 ball pythons
  8 bats
  4 endoplasms
  3 giant cockroaches
  6 hobgoblins
  7 jackals
  3 quokkas
  A frilled lizard (D:3)
  6 goblins
  8 kobolds
  6 rats
93 creatures vanquished.

Vanquished Creatures (collateral kills)
  A gnoll (D:1)
1 creature vanquished.

Vanquished Creatures (others)
  5 plants (D:1)
5 creatures vanquished.

Grand Total: 99 creatures vanquished

Notes
Turn   | Place    | Note
-------+----------+-------------------------------------------
     0 | D:1      | xSliceyx the Djinni Hedge Wizard began the quest for the
                  | Orb.
     0 | D:1      | xSliceyx set off with the following spells memorised: Magic
                  | Dart, Blink, Call Imp, Slow, Conjure Flame, Mephitic Cloud.
     0 | D:1      | Reached XP level 1. HP: 15/15 MP: 0/0
   251 | D:1      | Reached XP level 2. HP: 11/21 MP: 0/0
   639 | D:1      | Reached skill level 3 in Spellcasting
   737 | D:1      | Reached XP level 3. HP: 13/25 MP: 0/0
   737 | D:1      | Learned a level 1 spell: Shock
  2220 | D:2      | Reached XP level 4. HP: 23/31 MP: 0/0
  2915 | D:2      | Reached skill level 4 in Spellcasting
  3294 | D:3      | Reached XP level 5. HP: 28/35 MP: 0/0
  3294 | D:3      | Learned a level 2 spell: Poisonous Vapours
  4112 | D:3      | Gained mutation: You are clumsy. (Dex -2) [mutagenic glow]
  4951 | D:4      | Noticed Menkaure
  5306 | D:4      | Found Plog's Specific Store.
  5314 | D:4      | Found Keav Jigho's General Store.
  5333 | D:4      | Bought a scroll of identify for 22 gold pieces
  5584 | D:4      | Reached skill level 5 in Spellcasting
  5584 | D:4      | Reached XP level 6. HP: 26/40 MP: 0/0
  5700 | D:4      | Killed Menkaure
  5753 | D:4      | Noticed an ogre
  5765 | D:4      | Killed an ogre
  5766 | D:4      | Reached XP level 7. HP: 33/45 MP: 0/0
  5766 | D:4      | Learned a level 3 spell: Vampiric Draining
  5970 | D:4      | Found a hazy altar of Hepliaklqana.
  5971 | D:4      | Found an ornate altar of the Wu Jian Council.
  6015 | D:5      | Entered Level 5 of the Dungeon
  6051 | D:5      | Reached skill level 6 in Spellcasting
  6518 | D:5      | Noticed Pikel
  6535 | D:5      | HP: 2/45 [Pikel/+1 whip of electrocution (10)]
  6536 | D:5      | Slain by Pikel

Illustrated notes

Levels and vault maps discovered:
D:1:      dpeg_arrival_erosion, layout_basic, nicolae_grassy_gnolls
D:2:      layout_loops_cross, minmay_octomino_e4
D:3:      minmay_chambers_of_twos, layout_loops_ring, serial_co_window_serial,
          co_window_paths_a, co_window_paths_a, co_window_corner_a,
          co_window_corner_a, co_window_paths_b, co_window_paths_b,
          co_window_paths_a, co_window_corner_a, co_window_paths_b,
          co_window_broadway_c, co_window_corner_b, co_window_of_opportunity_c,
          glass_columns_b, glass_columns_a
D:4:      layout_cave_pools, minitemple, nicolae_specific_store, uniq_menkaure
D:5:      layout_loops_corners, uniq_ijyb, uniq_sigmund, uniq_pikel

Skill      XL: |  1  2  3  4  5  6  7 |
---------------+----------------------+-----
Spellcasting   | 3 4 5 6 |  6.4
Dodging        | |  2.1
Stealth        | |  1.5

Action                   |  1- 3 |  4- 6 |  7- 9 || total
-------------------------+-------+-------+-------++-------
 Cast: Magic Dart        |    40 |     1 |       ||    41
       Call Imp          |     1 |     4 |     2 ||     7
       Shock             |    45 |   134 |    24 ||   203
       Poisonous Vapours |       |     6 |    16 ||    22
  Use: Scroll            |       |     2 |       ||     2
Armor: Robe              |       |     3 |       ||     3
Dodge: Dodged            |     5 |    13 |     2 ||    20
